 Dungeon Crawl Stone Soup version 0.29.1-15-g9cfb28693d (webtiles) character file.

Game seed: 1714973030383356314

11214 bmack86 the Severer (level 11, -5/82 HPs)
             Began as a Minotaur Fighter on Apr 3, 2024.
             Was a High Priest of Okawaru.
             Slain by a 20-headed hydra (6 damage)
             ... on level 10 of the Dungeon.
             The game lasted 00:28:08 (11417 turns).

bmack86 the Severer (Minotaur Fighter)             Turns: 11417, Time: 00:28:09

Health: -5/82      AC: 22    Str: 32    XL:     11   Next: 46%
Magic:  10/16      EV: 11    Int:  5    God:    Okawaru [*****.]
Gold:   470        SH: 11    Dex:  9    Spells: 10/10 levels left

rFire   x . .      SeeInvis .   a - +1 war axe
rCold   + + .      Faith    .   c - +0 buckler
rNeg    . . .      Spirit   .   L - +0 ice dragon scales
rPois   .          Reflect  +   h - +1 hat
rElec   .          Harm     .   J - +2 cloak
rCorr   .          Rampage  .   k - +0 pair of gloves
Will    .....                   (no boots)
Stlth   +.........              y - amulet of reflection
HPRegen 0.23/turn               s - +4 ring of protection
MPRegen 0.15/turn               A - +6 ring of strength

@: heroic, finesse-ful
A: horns 2, retaliatory headbutt
a: Renounce Religion, Heroism, Finesse, Duel


You were on level 10 of the Dungeon.
You worshipped Okawaru.
Okawaru was extremely pleased with you.
You visited 2 branches of the dungeon, and saw 12 of its levels.

You collected 568 gold pieces.
You spent 98 gold pieces at shops.

Inventory:

Hand Weapons
 a - a +1 war axe (weapon)
 o - a +2 broad axe of chaos
Missiles
 e - 4 silver javelins
 M - 3 javelins
Armour
 b - a +0 scale mail
 c - a +0 buckler (worn)
 f - a +0 chain mail
 h - a +1 hat (worn)
 k - a +0 pair of gloves (worn)
 r - a +4 ring mail
 J - a +2 cloak (worn)
 L - +0 ice dragon scales (worn)
 Q - a +0 plate armour
Jewellery
 q - an amulet of guardian spirit
 s - a +4 ring of protection (left hand)
 v - a +6 ring of dexterity
 y - an amulet of reflection (around neck)
 A - a +6 ring of strength (right hand)
 I - a ring of see invisible
 N - a +4 ring of evasion
Wands
 l - a wand of mindburst (1)
 m - a wand of polymorph (5)
 n - a wand of paralysis (12)
 u - a wand of digging (9)
 E - a wand of flame (6) (quivered)
 O - a wand of iceblast (3)
Scrolls
 B - a scroll of fear
 G - 3 scrolls of teleportation
 H - 2 scrolls of summoning
 K - 2 scrolls of immolation
 P - a scroll of identify
Potions
 d - 3 potions of might
 g - 2 potions of lignification
 i - 2 potions of brilliance
 p - 4 potions of curing
 t - 3 potions of flight
 w - a potion of resistance
 x - 2 potions of attraction
 z - 3 potions of haste
 C - 3 potions of cancellation
 D - a potion of mutation
 F - 2 potions of heal wounds


   Skills:
 - Level 3.6(8.6) Fighting
 * Level 17.4(22.4) Axes
 - Level 6.3(11.3) Throwing
 - Level 3.6(8.6) Armour
 - Level 5.0(10.0) Shields
 - Level 8.0 Invocations


You had 10 spell levels left.
You didn't know any spells.
Your spell library contained the following spells:

 Spells                   Type           Power      Damage    Failure   Level
 Poisonous Vapours        Pois/Air       0%         N/A       89%         2
 Corpse Rot               Necr/Pois/Air  0%         N/A       100%        4
 Freezing Cloud           Conj/Ice/Air   0%         6-21      100%        5
 Storm Form               Tmut/Air       0%         N/A       100%        7
 Maxwell's Capacitive Co  Air            0%         ∞         100%        8
 Polar Vortex             Ice            0%         N/A       100%        9
 Summon Small Mammal      Summ           Unusable   N/A       N/A         1
 Call Canine Familiar     Summ           Unusable   N/A       N/A         3
 Summon Guardian Golem    Hex/Summ       Unusable   N/A       N/A         3
 Summon Lightning Spire   Summ/Air       Unusable   N/A       N/A         4
 Simulacrum               Ice/Necr       Unusable   N/A       N/A         6

Dungeon Overview and Level Annotations

Branches:
Dungeon (11/15)            Temple (1/1) D:6            Lair (0/5) D:9
    Orc (0/2) D:10

Altars:
Ashenzari
Dithmenos
Elyvilon
Fedhas
Gozag
Hepliaklqana
Kikubaaqudgha
Makhleb
Nemelex Xobeh
Okawaru
Qazlal
Ru
Sif Muna
Trog
Vehumet
Wu Jian
Yredelemnul
Zin
The Shining One

Shops:
D:8 =*   D:10 ?

Annotations:
D:11 3 runed translucent doors, mkat's ghost, novice DrIE


Innate Abilities, Weirdness & Mutations

You have a pair of horns on your head.
You reflexively headbutt those who attack you in melee.


Message History

The 17-headed hydra misses you. The 17-headed hydra barely misses you.
The 17-headed hydra bites you but does no damage. x4
The 17-headed hydra bites you!
* * * LOW HITPOINT WARNING * * *
The 17-headed hydra bites you but does no damage.
The 17-headed hydra bites you.
* * * LOW HITPOINT WARNING * * *
The 17-headed hydra bites you but does no damage. x2
The 17-headed hydra barely misses you.
You lop one of the 17-headed hydra's heads off!
The 16-headed hydra grows two more!
You hit the 18-headed hydra.
The 18-headed hydra is heavily wounded.
You slice one of the 18-headed hydra's heads off!
The 17-headed hydra grows two more!
You slice the 19-headed hydra!!
Your headbutt misses the 19-headed hydra.
The 19-headed hydra is severely wounded.
Unknown command.
You chop one of the 19-headed hydra's heads off!
The 18-headed hydra grows two more!
You slash the 20-headed hydra!
The 20-headed hydra is severely wounded.
The 20-headed hydra bites you.
* * * LOW HITPOINT WARNING * * *
The 20-headed hydra bites you.
* * * LOW HITPOINT WARNING * * *
The 20-headed hydra bites you but does no damage.
You block the 20-headed hydra's attack. x2
The 20-headed hydra bites you but does no damage.
The 20-headed hydra misses you.
The 20-headed hydra bites you but does no damage.
The 20-headed hydra completely misses you.
The 20-headed hydra bites you but does no damage.
The 20-headed hydra closely misses you. The 20-headed hydra bites you!
* * * LOW HITPOINT WARNING * * *
The 20-headed hydra closely misses you. The 20-headed hydra bites you.
* * * LOW HITPOINT WARNING * * *
The 20-headed hydra bites you but does no damage.
You block the 20-headed hydra's attack. The 20-headed hydra bites you.
* * * LOW HITPOINT WARNING * * *
The 20-headed hydra closely misses you. The 20-headed hydra bites you.
You die...

#........##.#.#
##.......<#.#.#
#.########.#.#
###..........#'###
.##.#####........# .##.#
#........# ....#
#........#
....#####......?.#
........#.......@#
......>.#......D.#
........######.###
......##.......##########
......##................#
.....###.......########.#
..#####.....##### #.#
..#......8......#######.#
..#.............#.......#


You could see a 20-headed hydra.

Vanquished Creatures
  A boulder beetle (D:11)
  A two-headed ogre (D:11)
  Pikel (D:5)
  Maurice (D:9)
  A manticore (D:11)
  Joseph (D:9)
  Maggie (D:6)
  A gargoyle (D:9)
  A komodo dragon (D:9)
  A hornet (D:9)
  Sigmund (D:6)
  A wraith (D:11)
  A yak (shapeshifter) (D:10)
  A wyvern (D:10)
  4 shadows
  16 yaks
  Eustachio (D:5)
  2 steam dragons
  A warg (shapeshifter) (D:10)
  Menkaure (D:7)
  A two-headed ogre zombie (D:10)
  2 orc warriors
  4 sky beasts
  2 ice beasts
  A black bear (D:7)
  A centaur (D:9)
  A phantom (D:6)
  A lemure (D:4)
  2 kobold brigands
  A necrophage (D:7)
  2 gnoll sergeants
  Blork the orc (D:4)
  2 bullfrogs
  4 scorpions
  10 wights
  A howler monkey (D:8)
  4 hounds
  3 jellies
  5 orc priests
  Natasha (twice) (D:4)
  7 orc wizards
  7 ogre zombies (D:10)
  9 gnolls
  5 adders
  3 shadow imps
  3 white imps
  An ufetubus (D:6)
  2 worms (D:3)
  3 dart slugs (D:1)
  24 orcs
  6 endoplasms
  3 giant cockroaches
  7 goblins
  4 hobgoblins
  12 jackals
  6 quokkas
  6 ball pythons
  A bat (D:1)
  A frilled lizard (D:1)
  2 goblin skeletons (D:10)
  A hobgoblin skeleton (D:10)
  A hobgoblin zombie (D:10)
  16 kobolds
  An orc skeleton (D:10)
  20 orc zombies (D:10)
  3 rats
243 creatures vanquished.

Vanquished Creatures (others)
  2 kobolds (D:9)
  2 plants (D:9)
4 creatures vanquished.

Grand Total: 247 creatures vanquished

Notes
Turn   | Place    | Note
-------+----------+-------------------------------------------
     0 | D:1      | bmack86 the Minotaur Fighter began the quest for the Orb.
     0 | D:1      | Reached XP level 1. HP: 19/19 MP: 0/0
   180 | D:1      | Found a faded altar of an unknown god.
   297 | D:1      | Reached XP level 2. HP: 20/26 MP: 1/1
   446 | D:1      | Reached skill level 3 in Axes
   712 | D:1      | Reached skill level 1 in Throwing
   712 | D:1      | Reached XP level 3. HP: 31/31 MP: 2/2
  1267 | D:2      | Identified the +2 whip "Ipneeff" {vorpal, rC++ rCorr Dex+3}
  1294 | D:2      | Reached XP level 4. HP: 39/39 MP: 3/3
  2075 | D:3      | Reached skill level 5 in Shields
  2181 | D:4      | Reached skill level 4 in Axes
  2337 | D:4      | Reached XP level 5. HP: 45/45 MP: 4/4
  2461 | D:4      | Found a burning altar of Makhleb.
  2470 | D:4      | Identified the +8 whip of Ulasoneh {freeze, rCorr Str+4
                  | Dex-4}
  2489 | D:4      | Noticed Natasha
  2498 | D:4      | Killed Natasha
  2675 | D:4      | Noticed Blork the orc
  2687 | D:4      | Killed Blork the orc
  2688 | D:4      | Reached skill level 5 in Axes
  2863 | D:4      | Noticed Natasha
  2872 | D:4      | Killed Natasha
  2969 | D:4      | Reached XP level 6. HP: 51/51 MP: 5/5
  3461 | D:5      | Entered Level 5 of the Dungeon
  3461 | D:5      | Noticed Pikel
  3484 | D:5      | Killed Pikel
  3485 | D:5      | Reached skill level 7 in Axes
  3485 | D:5      | Reached XP level 7. HP: 14/57 MP: 6/6
  3712 | D:5      | Reached skill level 8 in Axes
  4224 | D:5      | Noticed Eustachio
  4245 | D:5      | Killed Eustachio
  4246 | D:5      | Reached skill level 9 in Axes
  4246 | D:5      | Reached XP level 8. HP: 61/64 MP: 7/7
  4278 | D:5      | Reached skill level 5 in Throwing
  4474 | D:5      | Found a sacrificial altar of Ru.
  4784 | D:6      | Noticed Sigmund
  4816 | D:6      | Killed Sigmund
  4834 | D:6      | Noticed Maggie
  4852 | D:6      | Killed Maggie
  4853 | D:6      | Reached skill level 10 in Axes
  5157 | D:6      | You fall into a shaft and drop 1 floor!
  5204 | D:7      | Noticed Menkaure
  5212 | D:7      | Killed Menkaure
  5213 | D:7      | Reached skill level 11 in Axes
  5443 | D:6      | Found a staircase to the Ecumenical Temple.
  5454 | Temple   | Entered the Ecumenical Temple
  5535 | Temple   | Became a worshipper of Warmaster Okawaru
  5689 | D:6      | Reached XP level 9. HP: 70/70 MP: 8/8
  5717 | D:6      | Reached skill level 1 in Invocations
  6148 | D:6      | Reached * piety under Okawaru
  6153 | D:6      | Reached skill level 12 in Axes
  6965 | D:7      | Found a glowing golden altar of the Shining One.
  7141 | D:7      | Reached skill level 13 in Axes
  7392 | D:8      | Reached ** piety under Okawaru
  7663 | D:8      | Found Katam's Demolitions Depot.
  7676 | D:8      | Bought a wand of mindburst (7) for 98 gold pieces
  7814 | D:8      | Found Uviporut's Jewellery Boutique.
  8117 | D:9      | Noticed Joseph
  8133 | D:9      | Killed Joseph
  8134 | D:9      | Reached XP level 10. HP: 42/77 MP: 12/12
  8298 | D:9      | Reached skill level 5 in Invocations
  8299 | D:9      | Reached skill level 14 in Axes
  8414 | D:9      | Reached *** piety under Okawaru
  8459 | D:9      | Identified the +1 robe "Kuas" {-Tele Will+ MP+9 Dex+2}
  8770 | D:9      | Found a glowing silver altar of Zin.
  8800 | D:9      | Reached **** piety under Okawaru
  8801 | D:9      | Reached skill level 15 in Axes
  9019 | D:9      | Paralysed by a hornet for 3 turns
  9284 | D:9      | Found a staircase to the Lair.
  9306 | D:9      | Noticed Maurice
  9318 | D:9      | Killed Maurice
  9535 | D:10     | Entered Level 10 of the Dungeon
  9542 | D:10     | Noticed a gargoyle
  9569 | D:9      | Killed a gargoyle
  9581 | D:10     | Found a staircase to the Orcish Mines.
  9837 | D:9      | Reached skill level 16 in Axes
  9983 | D:10     | Found a shimmering blue altar of Sif Muna.
 10012 | D:10     | Found Afoedod's Magic Scroll Shoppe.
 10060 | D:10     | Reached XP level 11. HP: 46/82 MP: 13/15
 10077 | D:10     | Received a gift from Okawaru
 10547 | D:10     | Found a broken altar of Ashenzari.
 10552 | D:10     | Found an opulent altar of Gozag.
 10553 | D:10     | Found a bloodstained altar of Trog.
 10554 | D:10     | Found an ancient bone altar of Kikubaaqudgha.
 10554 | D:10     | Found a sparkling altar of Nemelex Xobeh.
 10555 | D:10     | Found a stormy altar of Qazlal.
 10712 | D:11     | Noticed a two-headed ogre
 10727 | D:11     | Killed a two-headed ogre
 10727 | D:11     | Reached ***** piety under Okawaru
 10849 | D:11     | Reached skill level 17 in Axes
 10991 | D:11     | Noticed a boulder beetle
 11006 | D:11     | Killed a boulder beetle
 11006 | D:11     | Received a gift from Okawaru
 11248 | D:11     | Found a runed translucent gate.
 11249 | D:11     | Found a runed translucent gate.
 11250 | D:11     | Found a runed translucent gate.
 11251 | D:11     | Found an opulent altar of Gozag.
 11252 | D:11     | Noticed a fire giant
 11252 | D:11     | Noticed mkat's ghost (novice DrIE)
 11253 | D:11     | Noticed an ogre mage
 11374 | D:11     | Noticed a six-headed hydra
 11417 | D:10     | HP: 4/82 [20-headed hydra (7)]
 11417 | D:10     | HP: 1/82 [20-headed hydra (2)]
 11417 | D:10     | Slain by a 20-headed hydra

Illustrated notes

Levels and vault maps discovered:
D:1:      heliophobic_arrival_henge, layout_basic,
          shapermc_ecumenical_altar_mp_urbaneastern
D:2:      layout_rooms
D:3:      layout_rooms
D:4:      layout_gridville, bloody_makhleb, uniq_blork_the_orc, uniq_natasha
D:5:      layout_loops_cross, mainiacjoe_overflow_alcove_2,
          hangedman_decor_opposing, uniq_pikel, uniq_eustachio
D:6:      layout_loops_corners, minmay_temple_entry_glass, uniq_maggie,
          uniq_sigmund
D:7:      layout_basic, nicolae_tso_swordbearing_angel, serial_glass,
          glass_columns_a, glass_columns_a, uniq_menkaure
D:8:      layout_cave_pools, nicolae_inconvenience_store, nicolae_blasting_shop
D:9:      layout_gridville, mainiacjoe_overflow_small_starburst,
          david_lair_shrubbed, uniq_maurice, uniq_joseph
D:10:     kennysheep_big_flooded_room, layout_basic, lemuel_round_altar,
          minitemple, zombieorc2_lemuel, serial_shops, nicolae_stop_n_shop_2
D:11:     nzn_winding_woodlands_stair_cross
          [nzn_winding_woodlands_5x15_concentric,
          nzn_winding_woodlands_center_diamonds,
          nzn_winding_woodlands_5x15_garden,
          nzn_winding_woodlands_5x5_closed_star,
          nzn_winding_woodlands_5x5_perimeter, nzn_winding_woodlands_5x15_eye,
          nzn_winding_woodlands_center_lodge,
          nzn_winding_woodlands_5x15_sidewinder], layout_loops_ring,
          ebering_ghost_gozag
Temple:   jpeg_temple_clearing

Skill      XL: |  1  2  3  4  5  6  7  8  9 10 11 |
---------------+----------------------------------+-----
Shields        | 4 5 |  5.0
Axes           | 3 4 5 7 9 11 13 16 17 | 17.4
Throwing       | 1 2 4 6 |  6.3
Invocations    | 4 7 8 |  8.0
Fighting       | |  3.6
Armour         | |  3.6

Action                   |  1- 3 |  4- 6 |  7- 9 | 10-12 || total
-------------------------+-------+-------+-------+-------++-------
Melee: War axe           |    82 |   112 |   247 |   233 ||   674
       Headbutt          |     9 |    17 |    32 |    46 ||   104
       Unarmed           |       |       |     2 |       ||     2
Throw: Javelin           |     1 |       |    10 |       ||    11
       Dart              |       |       |     1 |       ||     1
Invok: Heroism           |       |       |     1 |     8 ||     9
       Finesse           |       |       |       |     2 ||     2
Evoke: Wand              |       |     2 |    13 |     9 ||    24
  Use: Scroll            |       |     2 |    17 |     5 ||    24
       Potion            |       |       |     4 |     1 ||     5
 Stab: Paralysed         |       |     6 |     3 |     6 ||    15
Armor: Chain mail        |    48 |    69 |    36 |       ||   153
       Scale mail        |     4 |       |       |       ||     4
       Ring mail         |       |       |    80 |    62 ||   142
       Skin              |       |       |     2 |       ||     2
       Ice dragon scales |       |       |       |    84 ||    84
Dodge: Dodged            |    31 |    51 |    72 |   112 ||   266
Block: Buckler           |    20 |    46 |    94 |   116 ||   276
       Reflection        |       |     1 |     3 |     1 ||     5
       Other             |       |       |     1 |       ||     1
